 Dungeon Crawl Stone Soup version 0.30-a0-586-g23e55c9e0a (webtiles) character file.

Game seed: 14009638827921812314

6071 drugrobin the Martial Artist (level 10, -2/83 HPs)
             Began as a Demigod Delver on Jan 4, 2023.
             Slain by a troll (5 damage)
             ... on level 9 of the Dungeon.
             The game lasted 00:37:47 (10339 turns).

drugrobin the Martial Artist (Demigod Delver)      Turns: 10339, Time: 00:37:47

Health: -2/83      AC:  9    Str: 23    XL:     10   Next: 32%
Magic:  13/13      EV: 21    Int: 12    God:
Gold:   558        SH:  5    Dex: 25    Spells: 6/9 levels left

rFire   + . .      SeeInvis .    v - +5 great sword of the Stork {speed, Will+ Str+6 Dex+2}
rCold   . . .      Faith    .    (shield currently unavailable)
rNeg    . . .      Spirit   .    u - +1 robe {rF+}
rPois   .          Reflect  +    (no helmet)
rElec   .          Harm     .    (no cloak)
rCorr   .          Rampage  .    x - +1 pair of gloves
Will    ++...                    (no boots)
Stlth   +++                      E - amulet of reflection
HPRegen 0.33/turn                n - +5 ring of evasion
MPRegen 0.13/turn                B - +4 ring of protection

@: no status effects
A: high MP 1, forlorn, divine attributes
a: no special abilities


You were on level 9 of the Dungeon.
You visited 1 branch of the dungeon, and saw 9 of its levels.
You also visited: Sewer.

You collected 592 gold pieces.
You spent 34 gold pieces at shops.

Inventory:

Hand Weapons
 b - a +3 rapier of venom
 d - a +0 sling
 v - the +5 great sword of the Stork (weapon) {speed, Will+ Str+6 Dex+2}
   (You took it off a centaur on level 5 of the Dungeon)

   Attacks with this weapon are significantly faster.
   Str:       It affects your strength (+6).
   Dex:       It affects your dexterity (+2).
   Will:      It increases your willpower.
 H - the +3 whip "Gel Joun" {drain, rElec rPois Str+3}
   (You found it on level 5 of the Dungeon)

   A truly terrible weapon, it drains the life of any living foe it strikes.
   Str:       It affects your strength (+3).
   rElec:     It insulates you from electricity.
   rPois:     It protects you from poison.
Missiles
 z - 2 throwing nets
 G - 6 boomerangs (quivered)
 I - 10 poisoned darts
 O - a curare-tipped dart
Armour
 u - a +1 robe of fire resistance (worn)
 x - a +1 pair of gloves (worn)
Magical Staves
 e - a staff of fire
Jewellery
 j - a ring of protection from cold
 n - a +5 ring of evasion (left hand)
 r - a ring of magical power
 w - a +6 ring of strength
 y - a ring of ice
 B - a +4 ring of protection (right hand)
 E - an amulet of reflection (around neck)
 L - a ring of wizardry
 Q - a ring of resist corrosion
Wands
 f - a wand of digging (1)
 K - a wand of roots (1)
Scrolls
 h - 4 scrolls of vulnerability {unknown}
 k - 2 scrolls of fog
 l - 3 scrolls of enchant armour {unknown}
 m - 3 scrolls of identify
 q - a scroll of magic mapping
 t - 3 scrolls of teleportation {unknown}
 D - 2 scrolls of amnesia {unknown}
 F - a scroll of summoning
 J - a scroll of silence
 P - a scroll of blinking {unknown}
Potions
 a - a potion of cancellation {unknown}
 c - 4 potions of mutation
 g - 2 potions of attraction
 i - 5 potions of curing
 o - 2 potions of flight {unknown}
 p - a potion of heal wounds {unknown}
 s - a potion of lignification {unknown}
 A - 3 potions of brilliance
 C - 3 potions of haste
 M - a potion of magic {unknown}
 N - a potion of degeneration {unknown}


   Skills:
 + Level 6.0 Fighting
 + Level 5.6 Dodging
 - Level 4.5 Stealth
 + Level 12.6 Unarmed Combat


You had 6 spell levels left.
You knew the following spells:

 Your Spells              Type           Power      Damage    Failure   Level
a - Necrotise             Necr           0%         1d4       32%         1
b - Scorch                Fire           0%         2d5       45%         2

Your spell library contained the following spells:

 Spells                   Type           Power      Damage    Failure   Level
 Hailstorm                Conj/Ice       0%         3d3       69%         3
 Ignite Poison            Fire/Tmut/Pois 0%         N/A       69%         3
 Kindle Blastsparks       Fire/Tloc/Air  0%         2d10      69%         3
 Summon Guardian Golem    Hex/Summ       0%         N/A       69%         3
 Vampiric Draining        Necr           0%         2d6       69%         3
 Flame Wave               Conj/Fire      0%         2d4       97%         4
 Ice Form                 Ice/Tmut       0%         N/A       97%         4
 Agony                    Necr           0%         N/A       100%        5
 Freezing Cloud           Conj/Ice/Air   0%         6-21      100%        5
 Simulacrum               Ice/Necr       0%         N/A       100%        6
 Summon Cactus Giant      Summ           0%         N/A       100%        6
 Orb of Destruction       Conj           0%         9d5       100%        7
 Spellforged Servitor     Conj/Summ      0%         N/A       100%        7


Dungeon Overview and Level Annotations

Branches:
Dungeon (9/15)             Temple (0/1) D:4            Lair (0/5) D:8
  Sewer (visited)
    Orc: D:9-12

Shops:
D:4 *(=(:   D:7 :

Annotations:
D:8 Amaemon, Gastronok


Innate Abilities, Weirdness & Mutations

You have an increased reservoir of magic. (+10% MP)
You shall have no god before yourself.
Your divine heritage dramatically boosts your attributes as you level up.


Message History

Unknown command.
Unknown command.
The grasping roots constrict the troll!
The grasping roots constrict the orc warrior.
The roots release their grip on the orc warrior.
The troll struggles to escape constriction.
Unknown command.
Unknown command.
Unknown command.
Unknown command.
Unknown command.
Unknown command.
Okay, then.
Unknown command.
Unknown command.
Aiming: Fastroot
Press: ? - help, Shift-Dir - straight line The roots erupt in riotous growth!
Roots grab the orc warrior.
The grasping roots constrict the troll!
The grasping roots constrict the orc warrior.
You kill the orc warrior!
The roots release their grip on the troll.
Your Fighting skill increases to level 6!
Unknown command.
Unknown command.
Unknown command.
Unknown command.
The troll attacks as you move away! The troll misses you.
The troll barely misses you. The troll misses you.
The troll attacks as you move away! The troll misses you.
You block the troll's attack. The troll claws you.
* * * LOW HITPOINT WARNING * * *
There is a stone staircase leading up here.
Unknown command.
Unknown command.
The troll bites you!
* * * LOW HITPOINT WARNING * * *
The troll closely misses you. The troll claws you.
You die...

.....#.#........#...).
................#......#
......##................
..o..##..........##......#
..##.###..........##.##..
## ..# #...)..)......... #
..####........#...##.. .##.
.##.......##....... ....
.##...))..T@..#.## ..
..##.##...)...o..##..##..#
##.#...#...)..............#
#...........##.......###...
............##........#
...$<........#...#......
................####....#
....#...........# #..#.#
...†#........### #..###


You could see a troll and an orc.

Vanquished Creatures
  Psyche (D:8)
  Prince Ribbit (D:6)
  Sigmund (D:6)
  A vampire (D:6)
  2 wyverns
  5 yaks (D:8)
  Eustachio (D:6)
  A basilisk (D:8)
  A steam dragon (D:5)
  An acid dragon (D:8)
  3 water moccasins
  3 sky beasts
  2 orc warriors
  5 ice beasts
  An ogre (D:5)
  2 centaurs
  A phantom (D:6)
  3 kobold brigands
  4 bullfrogs
  2 necrophages
  4 scorpions (D:5)
  6 killer bees
  2 howler monkeys (D:7)
  6 hounds
  A jelly (D:7)
  A gnoll bouda (D:7)
  2 orc priests
  3 iron imps (D:7)
  4 iguanas
  2 orc wizards
  14 adders
  11 gnolls
  9 river rats
  2 shadow imps
  2 white imps
  2 ufetubi (D:5)
  6 worms
  3 dart slugs
  35 orcs
  13 ball pythons
  10 endoplasms
  4 giant cockroaches
  19 goblins
  13 hobgoblins
  9 jackals (D:1)
  5 quokkas
  3 bats
  8 frilled lizards
  25 kobolds
  18 rats
  A spectral hobgoblin (D:3)
284 creatures vanquished.

Vanquished Creatures (others)
  A bush (D:8)
  4 fungi (D:8)
  26 plants
31 creatures vanquished.

Grand Total: 315 creatures vanquished

Notes
Turn   | Place    | Note
-------+----------+-------------------------------------------
     0 | D:5      | drugrobin the Demigod Delver began the quest for the Orb.
     0 | D:5      | Reached XP level 1. HP: 18/18 MP: 3/3
   169 | D:5      | Noticed a necrophage
   191 | D:5      | Noticed a centaur
   386 | D:4      | Reached skill level 2 in Unarmed Combat
   386 | D:4      | Reached XP level 2. HP: 15/25 MP: 4/4
   497 | D:4      | Found a staircase to the Ecumenical Temple.
   561 | D:4      | Found Uny Ajor's Antique Weapon Shop.
   576 | D:4      | Found Fyjudd's Antique Weapon Shop.
   576 | D:4      | Found Aruorei's Book Shop.
   577 | D:4      | Found Veyruubu's Jewellery Shop.
   580 | D:4      | Bought a sling for 34 gold pieces
   700 | D:4      | Found Wohiqali's Overcharged Wands.
   719 | D:4      | Reached skill level 3 in Unarmed Combat
   757 | D:4      | Reached XP level 3. HP: 18/30 MP: 5/5
  1031 | D:4      | Reached skill level 4 in Unarmed Combat
  1289 | D:3      | Reached XP level 4. HP: 37/37 MP: 6/6
  1534 | D:3      | Found a glowing drain.
  1539 | Sewer    | Entered a sewer
  1769 | Sewer    | Reached skill level 5 in Unarmed Combat
  1830 | Sewer    | Reached XP level 5. HP: 42/42 MP: 7/7
  3357 | D:1      | Reached skill level 6 in Unarmed Combat
  3797 | D:3      | Learned a level 1 spell: Necrotise
  3968 | D:3      | Reached XP level 6. HP: 50/50 MP: 8/8
  5185 | D:4      | Reached skill level 7 in Unarmed Combat
  5403 | D:5      | Reached XP level 7. HP: 41/56 MP: 9/9
  5523 | D:5      | Reached skill level 8 in Unarmed Combat
  5973 | D:5      | Reached skill level 9 in Unarmed Combat
  6053 | D:5      | Identified the +3 whip "Gel Joun" {drain, rElec rPois
                  | Str+3}
  6086 | D:5      | Reached XP level 8. HP: 62/62 MP: 10/10
  6376 | D:5      | Identified the +5 great sword of the Stork {speed, Will+
                  | Str+6 Dex+2}
  6526 | D:6      | Noticed Eustachio
  6575 | D:6      | Noticed Prince Ribbit
  6583 | D:6      | Reached skill level 10 in Unarmed Combat
  7149 | D:6      | Killed Prince Ribbit
  7227 | D:6      | Noticed Sigmund
  7584 | D:6      | Killed Sigmund
  7585 | D:6      | Reached skill level 11 in Unarmed Combat
  7608 | D:6      | Learned a level 2 spell: Scorch
  7773 | D:6      | Killed Eustachio
  7845 | D:5      | Reached XP level 9. HP: 53/68 MP: 11/11
  8218 | D:7      | Found Xaudois's Vocational Training.
  8932 | D:7      | Reached skill level 12 in Unarmed Combat
  9084 | D:8      | Noticed Amaemon
  9471 | D:8      | Reached skill level 5 in Fighting
  9585 | D:8      | Noticed Gastronok
  9650 | D:8      | Reached XP level 10. HP: 26/81 MP: 13/13
  9933 | D:8      | Noticed Psyche
  9948 | D:8      | Killed Psyche
  9981 | D:8      | Found a staircase to the Lair.
  9990 | D:8      | Reached skill level 5 in Dodging
 10339 | D:9      | HP: 3/83 [troll (11)]
 10339 | D:9      | Slain by a troll

Illustrated notes

Levels and vault maps discovered:
D:1:      onia_arrival_mini_spirals, layout_basic, minmay_quantized
D:2:      layout_basic, minmay_pentomino_q4
D:3:      layout_basic, amcnicky_altar_gilded,
          dreamdust_ecumenical_altar_drowned_temple, lightli_sewer_entry_pipes
D:4:      layout_layer_cave, minmay_temple_entry_junction,
          minmay_shop_grid_forest, nicolae_shop_overcharged_wands
D:5:      corexii_shantytown, layout_basic, general_overflow_altar
D:6:      layout_rooms, grunt_temple_overflow_gold_and_silver,
          kennysheep_mini_moat, lemuel_tele_altar, roderic_serpentine_path,
          uniq_eustachio, uniq_sigmund, uniq_prince_ribbit1
D:7:      hellmonk_crumbling_castle, layout_basic, demons_altar,
          nicolae_shop_vocational
D:8:      layout_gridville, minmay_lair_entry_grove, serial_rivers,
          chequers_serial_rivers_large_a, chequers_serial_rivers_large_b,
          chequers_serial_rivers_small_a, chequers_serial_rivers_micro_a,
          chequers_serial_rivers_room_b, hangedman_decor_diamond_cutter,
          uniq_gastronok, uniq_amaemon, uniq_psyche
D:9:      layout_cave_pools, mainiacjoe_overflow_catwalk,
          okawaru_ov_weapons_minmay

Skill      XL: |  1  2  3  4  5  6  7  8  9 10 |
---------------+-------------------------------+-----
Unarmed Combat | 2 3 4 5 6 7 9 11 12 | 12.6
Fighting       | 5 6 |  6.0
Dodging        | 4 5 |  5.6
Stealth        | |  4.5

Action                   |  1- 3 |  4- 6 |  7- 9 | 10-12 || total
-------------------------+-------+-------+-------+-------++-------
Melee: Unarmed           |    78 |   455 |   387 |       ||   920
       Punch             |     3 |    17 |    31 |       ||    51
       Great sword       |       |       |   102 |    54 ||   156
       Rapier            |       |       |    32 |       ||    32
 Fire: Sling             |    24 |    31 |    15 |       ||    70
Throw: Boomerang         |       |       |    24 |     9 ||    33
       Dart              |       |       |     1 |       ||     1
 Cast: Necrotise         |       |     4 |     1 |       ||     5
       Scorch            |       |       |     1 |       ||     1
Evoke: Wand              |     1 |       |     3 |     7 ||    11
  Use: Potion            |     1 |     4 |       |       ||     5
       Scroll            |     1 |     2 |     6 |       ||     9
 Stab: Sleeping          |     4 |    17 |     2 |       ||    23
       Distracted        |       |     1 |     3 |       ||     4
       Invisible         |       |     1 |       |       ||     1
Armor: Leather armour    |    12 |    14 |       |       ||    26
       Ring mail         |       |    43 |    76 |       ||   119
       Robe              |       |       |    53 |     8 ||    61
Dodge: Dodged            |    58 |   345 |   425 |    56 ||   884
Block: Other             |       |       |   132 |    17 ||   149
       Reflection        |       |       |     7 |     1 ||     8

Table legend: (Time is in decaauts)
 A = Elapsed time spent in this place.
 B = Non-inter-level travel time spent in this place.
 C = Inter-level travel time spent in this place.
 D = Time resting spent in this place.
 E = Time spent auto-exploring this place.
 F = Levels seen in this place.
 G = Mean time per level.
                   A        B        C        D        E       F      G
               +--------+--------+--------+--------+--------+-----+--------+
         Total |  10344 |   9788 |    556 |   1837 |   4333 |  10 | 1034.4 |
       Dungeon |   9772 |   9216 |    556 |   1707 |   4106 |   9 | 1085.8 |
         Sewer |    571 |    571 |      0 |    130 |    227 |   1 |  571.0 |
               +--------+--------+--------+--------+--------+-----+--------+

Top non-repeatable levels by time:
     D:5: 1850 daAuts
     D:3: 1569 daAuts
     D:4: 1521 daAuts
     D:7: 1231 daAuts
     D:6: 1215 daAuts
     D:8: 853 daAuts
     D:1: 698 daAuts
     D:2: 654 daAuts
   Sewer: 571 daAuts
     D:9: 177 daAuts
